 Dungeon Crawl Stone Soup version 0.15.1-1-gfacfea3 (webtiles) character file.

22 Kex the Sneak (level 2, 0/14 HPs)
             Began as a Spriggan Assassin on Sept 27, 2014.
             Slain by Crazy Yiuf
             ... wielding a +4 quarterstaff of chaos
              (14 damage)
             ... on Level 2 of the Dungeon.
             The game lasted 00:08:07 (1537 turns).

Kex the Sneak (Spriggan Assassin)                   Turns: 1537, Time: 00:08:08

HP   0/14        AC  3     Str  7      XL: 2   Next: 68%
MP   4/4         EV 17     Int 12      God:
Gold 81          SH  0     Dex 17      Spells:  0 memorised,  1 level left

rFire  . . .     SeeInvis +     i - +2 dagger (distort)
rCold  . . .     Clarity  .     c - +0 robe
rNeg   . . .     rCorr    .     (shield restricted)
rPois  .         rRot     .     (helmet restricted)
rElec  .         Spirit   .     d - +0 cloak
SustAb .         Warding  .     (gloves unavailable)
rMut   .         Stasis   .     (boots unavailable)
Gourm  .                        (no amulet)
MR     .....                    (no ring)
                                (no ring)

@: very quick, not resistant to hostile enchantments, stealthy
A: unfitting armour, see invisible, herbivore 3, speed 3, slow metabolism 2
a: no special abilities


You were on level 2 of the Dungeon.
You were not hungry.

You visited 1 branch of the dungeon, and saw 2 of its levels.

You collected 81 gold pieces.

Inventory:

Hand weapons
 a - a +2 dagger
 b - a +0 blowgun
 i - a +2 dagger of distortion (weapon)
 v - a +1 dagger of electrocution
Missiles
 e - 8 poisoned needles
 f - 2 curare-tipped needles
 n - 29 stones (quivered)
Armour
 c - a +0 robe (worn)
 d - a +0 cloak (worn)
Comestibles
 o - 2 bread rations
Scrolls
 l - 4 scrolls of identify {unknown}
 m - a scroll of remove curse {unknown}
 q - a scroll of blinking {unknown}
 s - a scroll of enchant armour {unknown}
Jewellery
 h - a cursed -3 ring of evasion {unknown}
 j - a cursed -5 ring of intelligence {unknown}
 k - an uncursed amulet of resist mutation {unknown}
 u - an uncursed ring of sustain abilities {unknown}
Potions
 g - a potion of porridge
 p - 2 potions of heal wounds {unknown}
 r - a potion of curing {unknown}
 t - a potion of cure mutation {unknown}


   Skills:
 + Level 1.6 Fighting
 + Level 2.1 Short Blades
 + Level 2.1 Throwing
 + Level 1.9 Dodging
 + Level 7.0 Stealth


You had one spell level left.
You didn't know any spells.

Dungeon Overview and Level Annotations

Branches:
Dungeon (2/15)

Altars:

Annotations:
D:2 Crazy Yiuf


Innate Abilities, Weirdness & Mutations

You are tiny and cannot use many weapons and most armour.
You have supernaturally acute eyesight.
You are a herbivore.
You cover ground extremely quickly.
You need consume almost no food.


Message History

You see here a club.
You barely miss the hobgoblin. The hobgoblin barely misses you.
You hit the hobgoblin.
The hobgoblin is almost dead.
The hobgoblin disappears!
No target in view!
You hit the bat.
You kill the bat!
No target in view!
Found a glowing hammer.
Crazy Yiuf the Enlightened comes into view.
He is wielding a quarterstaff of chaos.
Crazy Yiuf zaps a wand.
You easily resist.
You barely miss Crazy Yiuf.
Crazy Yiuf zaps a wand.
You easily resist.
You closely miss Crazy Yiuf.
Crazy Yiuf drinks a potion.
Crazy Yiuf seems to speed up.
You hit Crazy Yiuf.
Space bends around Crazy Yiuf.
Crazy Yiuf is moderately wounded.
Crazy Yiuf hits you with a quarterstaff of chaos!
Ouch! That really hurt!
You die...

...#.####.##.#
#.#.#
...........#.#
#)#.#
##.#..^....#.#
#.#.#
...#.......#.#
#.#.#
(..#......####
#.#.##
...+.......#
#....#
#.##.......#
##### ######
...+.......#
#.g)#
#.##.......#
#.@.#
.....##.##.#
#...#
#.##.##.##.#
##.##
#.##.##.##.#
♣♣.♣
......#.##.#
♣.♣♣
..#####.##.#
♣♣.♣
..#.....##+#
♣.♣♣
...%.......#
♣♣.♣♣
..........(#
♣..%♣♣


You could see Crazy Yiuf.

Vanquished Creatures
  A giant cockroach (D:2)
  3 hobgoblins
  2 ball pythons (D:1)
  2 bats (D:2)
  4 goblins
  4 kobolds
  2 quokkas (D:2)
  3 rats
21 creatures vanquished.

Vanquished Creatures (others)
  A goblin (D:1)
1 creature vanquished.

Grand Total: 22 creatures vanquished

Notes
Turn   | Place    | Note
--------------------------------------------------------------
     0 | D:1      | Kex, the Spriggan Assassin, began the quest for the Orb.
     0 | D:1      | Reached XP level 1. HP: 10/10 MP: 2/2
    25 | D:1      | Reached skill level 6 in Stealth
   267 | D:1      | Reached XP level 2. HP: 9/14 MP: 4/4
  1382 | D:2      | Reached skill level 7 in Stealth
  1529 | D:2      | Noticed Crazy Yiuf
  1537 | D:2      | Slain by Crazy Yiuf

Action                   || total
-------------------------++-------
Melee: Dagger            ||    50
Throw: Stone             ||    12
 Stab: Sleeping          ||     8
